 Dungeon Crawl Stone Soup version 0.32-a0-126-g9fbf7fb75a (webtiles) character file.

Game seed: 9658640740850778800

3577 Nattfarinn the Fighter (level 10, -6/120 HPs)
             Began as an Oni Hedge Wizard on Feb 7, 2024.
             Was a Believer of Vehumet.
             Mangled by Grum
             ... wielding a -2 vampiric halberd
              (17 damage)
             ... on level 8 of the Dungeon.
             The game lasted 00:17:08 (11194 turns).

Nattfarinn the Fighter (Oni Hedge Wizard)          Turns: 11194, Time: 00:17:09

Health: -6/120     AC:  9    Str: 22    XL:     10   Next: 10%
Magic:  4/18       EV:  9    Int: 19    God:    Vehumet [**....]
Gold:   400        SH:  0    Dex:  8    Spells: 16/20 levels left

rFire   . . .        A - +0 whip (venom)
rCold   . . .        (no shield)
rNeg    + . .        B - +2 robe
rPois   .            c - +0 hat
rElec   .            (no cloak)
rCorr   .            (gloves unavailable)
SInv    .            (boots unavailable)
Will    +++..        (no amulet)
Stlth   +            k - ring "Obrias" {rN+ Will++ AC+4}
HPRegen 0.40/turn    f - +6 ring of strength
MPRegen 0.16/turn

%: no passive effects
@: very slightly contaminated
A: large, unfitting armour, horns 1, tough skin 1, double potion healing,
drunken brawling
a: Renounce Religion


You were on level 8 of the Dungeon.
You worshipped Vehumet.
Vehumet was pleased with you.
You visited 1 branch of the dungeon, and saw 8 of its levels.

You collected 400 gold pieces.

Inventory:

Hand Weapons
 A - a +0 whip of venom (weapon)
Armour
 c - a +0 hat (worn)
 B - a +2 robe (worn)
Jewellery
 e - a +4 ring of protection
 f - a +6 ring of strength (right hand)
 k - the ring "Obrias" (left hand) {rN+ Will++ AC+4}
   (You found it on level 2 of the Dungeon)

   [ring of protection]

   AC+4:      It affects your AC (+4).
   rN+:       It protects you from negative energy.
   Will++:    It greatly increases your willpower.
 n - a +6 ring of intelligence
 s - a +4 ring of protection
 t - a +6 ring of strength
Wands
 h - a wand of polymorph (7)
 y - a wand of roots (13)
Scrolls
 b - a scroll of enchant weapon
 d - a scroll of revelation {unknown}
 l - a scroll of poison {unknown}
 o - 4 scrolls of teleportation
 r - 2 scrolls of amnesia
 z - a scroll of noise
 D - a scroll of identify
Potions
 a - a potion of attraction {unknown}
 i - a potion of degeneration {unknown}
 j - a potion of curing
 m - a potion of lignification {unknown}
 p - a potion of resistance {unknown}
 q - a potion of brilliance {unknown}
 v - a potion of haste {unknown}
 x - a potion of enlightenment {unknown}
 C - a potion of berserk rage {unknown}


   Skills:
 - Level 13.7 Fighting
 - Level 6.3 Maces & Flails
 - Level 1.7 Dodging
 - Level 1.4 Stealth
 * Level 5.5 Spellcasting
 - Level 4.8 Conjurations
 - Level 0.8 Summonings
 - Level 0.8 Translocations


You had 16 spell levels left.
You knew the following spells:

 Your Spells              Type           Power      Damage    Failure   Level
a - Magic Dart            Conj           92%        1d7       1%          1
b - Shock                 Conj/Air       56%        1d6       4%          1
c - Scorch                Fire           10%        2d5       19%         2

Your spell library contained the following spells:

 Spells                   Type           Power      Damage    Failure   Level
 Slow                     Hex            20%        N/A       12%         1
 Blink                    Tloc           16%        N/A       13%         2
 Call Imp                 Summ           16%        N/A       13%         2
 Cigotuvi's Dreadful Rot  Necr/Alch/Air  10%        N/A       19%         2
 Mephitic Cloud           Conj/Alch/Air  11%        N/A       19%         3
 Swiftness                Air            5%         N/A       34%         3
 Airstrike                Air            2%         2d(1-17)  75%         4


Dungeon Overview and Level Annotations

Branches:
Dungeon (8/15)             Temple (0/1) D:5
   Lair: D:8-11

Altars:
Nemelex Xobeh
Ru
Sif Muna
Vehumet

Shops:
D:5 *   D:8 !

Annotations:
D:6 1 runed translucent door, YordlordTheGreat's ghost, novice HuCA
D:8 Grum


Innate Abilities, Weirdness & Mutations

You are too large for most types of armour.
You have a pair of small horns on your head.
You have tough skin. (AC +1)
You gain doubled healing and magic from potions.
Whenever you drink a healing potion, you attack all around you.


Message History

Flames lash Grum.
Grum is lightly wounded.
Grum's fire resistance burns away.
Grum closely misses you.
Flames lash Grum.
Grum is burned terribly!
Grum is lightly wounded.
Grum barely misses you.
Flames lash Grum.
Grum is burned terribly!
Grum is moderately wounded.
Grum hits you from afar with a -2 vampiric halberd!
Grum draws strength from your wounds!
Flames lash Grum.
Grum is burned terribly!
Grum is moderately wounded.
Grum hits you from afar with a -2 vampiric halberd!
You are too injured to fight recklessly!
You are too injured to fight recklessly!
You are too injured to fight recklessly!
You are too injured to fight recklessly!
Grum closely misses you.
You barely miss Grum. Your headbutt misses Grum.
Grum is lightly wounded.
Grum hits you with a -2 vampiric halberd.
You hit Grum but do no damage.
Grum is poisoned.
You headbutt Grum.
Grum is moderately wounded.
You hit Grum.
Grum looks as sick as possible!
Grum is moderately wounded.
Grum completely misses you.
You hit Grum. You headbutt Grum.
Grum is heavily wounded.
Grum hits you with a -2 vampiric halberd!!
* * * LOW HITPOINT WARNING * * *
You barely miss Grum. You headbutt Grum!
Grum is severely wounded.
Grum hits you with a -2 vampiric halberd!
* * * LOW HITPOINT WARNING * * *
Grum draws strength from your wounds!
Grum hits you from afar with a -2 vampiric halberd!
* * * LOW HITPOINT WARNING * * *
There is a stone staircase leading up, spattered with blood here.
Grum hits you from afar with a -2 vampiric halberd!
You die...

..##....... #.......
.........# ####....
#........# #....... .#
##........## #.......
...#..........#.........
...##...................
........................
........)...............
.......@.g.....#........
....##.)....####........
... ##).#### #........ .
####.# #...##.. #....##
# ## ####..
#.....#.####..#.#...
#...#......###.......
#..............###..g
##........∩........S.


You could see Grum (very poisoned, combustible).

Vanquished Creatures
  Pikel (D:6)
  An unseen horror (D:8)
  A yak (D:6)
  A water moccasin (D:6)
  A sky beast (D:6)
  A black bear (D:6)
  An ice beast (D:5)
  2 wolves (D:7)
  A centaur (D:7)
  4 lemures
  3 phantoms
  2 kobold brigands
  Blork the orc (D:6)
  A bullfrog (D:6)
  3 gnoll sergeants
  3 scorpions
  Dowan (D:6)
  5 killer bees (D:7)
  3 jellies
  2 bombardier beetles (D:5)
  3 hounds
  2 orc priests (D:6)
  A gnoll bouda (D:7)
  2 sleepcaps (D:6)
  3 iguanas
  2 orc wizards (D:6)
  15 gnolls
  11 adders
  A shadow imp (D:6)
  3 ufetubi (D:6)
  A ribbon worm (D:2)
  A dart slug (D:4)
  10 orcs
  10 ball pythons
  4 bats
  6 endoplasms
  3 giant cockroaches
  3 goblins
  4 hobgoblins
  3 jackals
  6 quokkas
  5 frilled lizards
  11 kobolds
  4 rats
152 creatures vanquished.

Vanquished Creatures (others)
  Duvessa (D:6)
1 creature vanquished.

Grand Total: 153 creatures vanquished

Notes
Turn   | Place    | Note
-------+----------+-------------------------------------------
     0 | D:1      | Nattfarinn the Oni Hedge Wizard began the quest for the
                  | Orb.
     0 | D:1      | Reached XP level 1. HP: 16/16 MP: 5/5
    74 | D:1      | Reached skill level 1 in Conjurations
   268 | D:1      | Reached XP level 2. HP: 24/24 MP: 3/6
   957 | D:2      | Reached XP level 3. HP: 19/31 MP: 8/8
  1245 | D:2      | Found a faded altar of an unknown god.
  1307 | D:2      | Identified the ring "Obrias" {rN+ Will++ AC+4}
  1440 | D:2      | Reached XP level 4. HP: 36/39 MP: 7/10
  1472 | D:2      | Found a radiant altar of Vehumet.
  1525 | D:2      | Became a worshipper of Vehumet
  2873 | D:4      | Noticed a phantom
  2891 | D:4      | Killed a phantom
  2892 | D:4      | Reached XP level 5. HP: 42/45 MP: 2/12
  3590 | D:4      | Reached skill level 5 in Spellcasting
  3971 | D:5      | Entered Level 5 of the Dungeon
  3976 | D:5      | Noticed a phantom
  3984 | D:4      | HP: 1/45 [iguana (10)]
  3988 | D:4      | Reached XP level 6. HP: 2/53 MP: 13/13
  4619 | D:5      | Reached skill level 1 in Fighting
  4694 | D:5      | Reached * piety under Vehumet
  4694 | D:5      | Offered knowledge of Foxfire by Vehumet.
  4695 | D:5      | Reached skill level 2 in Fighting
  4705 | D:5      | Found Juenk's Neck Hole.
  4709 | D:5      | Reached skill level 3 in Fighting
  4709 | D:5      | Reached XP level 7. HP: 42/67 MP: 13/15
  4825 | D:5      | Found a staircase to the Ecumenical Temple.
  4979 | D:5      | Reached skill level 4 in Fighting
  5023 | D:5      | Found a shimmering blue altar of Sif Muna.
  5175 | D:4      | Learned a level 1 spell: Shock
  5296 | D:5      | Reached skill level 5 in Fighting
  5420 | D:5      | Reached skill level 6 in Fighting
  5803 | D:5      | Reached skill level 7 in Fighting
  5824 | D:5      | Reached XP level 8. HP: 34/87 MP: 1/16
  6063 | D:6      | Reached skill level 8 in Fighting
  6576 | D:6      | Noticed Blork the orc
  6587 | D:6      | Killed Blork the orc
  6653 | D:6      | Noticed Duvessa
  6658 | D:6      | Noticed Dowan
  6676 | D:6      | Killed Duvessa
  6677 | D:6      | Reached skill level 9 in Fighting
  6680 | D:6      | Killed Dowan
  7051 | D:6      | Reached skill level 10 in Fighting
  7382 | D:6      | Noticed Pikel
  7388 | D:6      | Killed Pikel
  7389 | D:6      | Reached skill level 12 in Fighting
  7389 | D:6      | Reached XP level 9. HP: 89/106 MP: 17/17
  7434 | D:6      | Found a runed translucent door.
  7434 | D:6      | Noticed YordlordTheGreat's ghost (novice HuCA)
  7693 | D:6      | Reached skill level 13 in Fighting
  8078 | D:7      | Reached skill level 1 in Maces & Flails
  8382 | D:7      | Found a sacrificial altar of Ru.
  8412 | D:7      | Reached ** piety under Vehumet
  8412 | D:7      | Offered knowledge of Scorch by Vehumet.
  8599 | D:7      | Identified the +10 mace "Kaiqu" {freeze, Str+3}
  8679 | D:7      | Found a sparkling altar of Nemelex Xobeh.
  8893 | D:8      | Noticed a harpy
  8894 | D:8      | a harpy changed into a blink frog
  8906 | D:8      | Noticed Grum
  9160 | D:7      | Learned a level 2 spell: Scorch
  9863 | D:7      | Reached skill level 5 in Maces & Flails
 10174 | D:8      | a crocodile changed into a black mamba
 10174 | D:8      | Noticed a black mamba (shapeshifter)
 10332 | D:8      | Found Cygi's Distillery.
 10621 | D:7      | Reached XP level 10. HP: 20/120 MP: 2/18
 10988 | D:8      | Killed an unseen horror
 11194 | D:8      | Mangled by Grum

Illustrated notes

Levels and vault maps discovered:
D:1:      psy_arrival_basics, layout_loops_ring
D:2:      cheibrodos_helix_gallery, layout_basic,
          dreamdust_ecumenical_altar_hidden_monk_grotto, basic_altar,
          grunt_ministairs_12
D:3:      layout_loops_ring
D:4:      layout_basic
D:5:      minmay_chambers_of_fours, layout_cave_pools,
          mainiacjoe_overflow_chevrons, minmay_temple_entry_steel_oval,
          nicolae_shop_sticking_my_neck_out
D:6:      minmay_octagon_keep, layout_basic, hellmonk_ghost_happy_afterlife,
          uniq_duvessa, uniq_blork_the_orc, uniq_pikel
D:7:      dreamdust_elfheim, layout_loops_ring,
          mainiacjoe_overflow_catch_the_wave
D:8:      layout_cave_pools, overflow_temple_1_default, lair_entry_dummy,
          serial_shops, shop, minmay_statues_item, uniq_grum

Skill      XL: |  1  2  3  4  5  6  7  8  9 10 |
---------------+-------------------------------+-----
Conjurations   | 1 2 3 4 |  4.8
Spellcasting   | 4 5 |  5.5
Fighting       | 3 7 12 13 | 13.7
Maces & Flails | 5 6 |  6.3
Dodging        | |  1.7
Stealth        | |  1.4
Summonings     | |  0.8
Translocations | |  0.8

Action                     |  1- 3 |  4- 6 |  7- 9 | 10-12 || total
---------------------------+-------+-------+-------+-------++-------
  Melee: Dagger            |     3 |       |       |       ||     3
         Headbutt          |     7 |     7 |    33 |     5 ||    52
         Hand axe          |    46 |    53 |    26 |       ||   125
         Punch             |     3 |     1 |    11 |       ||    15
         Whip              |       |       |    90 |    15 ||   105
   Cast: Magic Dart        |    53 |   126 |     4 |       ||   183
         Shock             |       |       |   272 |       ||   272
         Scorch            |       |       |    22 |    14 ||    36
    Use: Potion            |       |     1 |     2 |       ||     3
         Scroll            |       |       |     8 |       ||     8
   Stab: Sleeping          |     2 |       |       |       ||     2
 Armour: Robe              |    44 |    78 |   331 |    29 ||   482
  Dodge: Dodged            |    36 |    41 |   162 |    11 ||   250

Table legend: (Time is in decaauts)
 A = Elapsed time spent in this place.
 B = Non-inter-level travel time spent in this place.
 C = Inter-level travel time spent in this place.
 D = Time resting spent in this place.
 E = Time spent auto-exploring this place.
 F = Levels seen in this place.
 G = Mean time per level.
                   A        B        C        D        E       F      G
               +--------+--------+--------+--------+--------+-----+--------+
         Total |  11249 |  10754 |    495 |   2353 |   6756 |   8 | 1406.1 |
       Dungeon |  11249 |  10754 |    495 |   2353 |   6756 |   8 | 1406.1 |
               +--------+--------+--------+--------+--------+-----+--------+

Top non-repeatable levels by time:
     D:7: 2716 daAuts
     D:6: 2115 daAuts
     D:5: 1809 daAuts
     D:4: 1784 daAuts
     D:2: 975 daAuts
     D:1: 943 daAuts
     D:3: 708 daAuts
     D:8: 195 daAuts
